 Dungeon Crawl Stone Soup version 0.31.0-11-ge490571c62 (webtiles) character file.

Game seed: 9357087992820263216

5577 hikkokomori the Thaumaturge (level 10, -2/60 HPs)
             Began as a Deep Elf Hedge Wizard on Feb 3, 2024.
             Was an Initiate of Vehumet.
             Succumbed to orange demon's concentrated venom
             ... on level 8 of the Dungeon.
             The game lasted 00:36:53 (9800 turns).

hikkokomori the Thaumaturge (Deep Elf Hedge Wizard) Turns: 9800, Time: 00:36:54

Health: -2/60      AC:  8    Str: 11    XL:     10   Next: 44%
Magic:  7/35       EV: 12    Int: 24    God:    Vehumet [......]
Gold:   40         SH:  6    Dex: 14    Spells: 9/29 levels left

rFire   . . .        e - +0 dagger (venom)
rCold   . . .        G - +2 buckler
rNeg    . . .        F - +0 leather armour
rPois   .            u - +0 helmet
rElec   .            (no cloak)
rCorr   .            o - +3 pair of gloves of the Chupacabra {Str+4}
SInv    .            (no boots)
Will    ++...        (no amulet)
Stlth   ++           n - ring of wizardry
HPRegen 0.30/turn    s - ring of magical power
MPRegen 0.24/turn

%: wizardry (x1)
@: lethally poisoned (-2 -> -22), on berserk cooldown, enlightened, flying,
slowed, very slow
A: no striking features
a: Renounce Religion


You were on level 8 of the Dungeon.
You worshipped Vehumet.
Vehumet was noncommittal.
You visited 2 branches of the dungeon, and saw 9 of its levels.

You collected 520 gold pieces.
You spent 480 gold pieces at shops.

Inventory:

Hand Weapons
 a - a +0 dagger
 e - a +0 dagger of venom (weapon)
 j - a +0 rapier
 q - a +0 shortbow
 x - a +3 great sword
 y - a +5 battleaxe
Armour
 o - the +3 pair of gloves of the Chupacabra (worn) {Str+4}
   (You found it on level 3 of the Dungeon)

   Str+4:     It affects your strength (+4).
 u - a +0 helmet (worn)
 F - a +0 leather armour (worn)
 G - a +2 buckler (worn)
 M - the +5 chain mail of the Moon {Str+5}
   (You found it on level 7 of the Dungeon)

   Str+5:     It affects your strength (+5).
Magical Staves
 L - a staff of conjuration
Jewellery
 n - a ring of wizardry (left hand)
 s - a ring of magical power (right hand)
Wands
 z - a wand of iceblast (5)
 J - a wand of polymorph (7)
Scrolls
 i - a scroll of butterflies {unknown}
 k - 3 scrolls of fear {unknown}
 m - 2 scrolls of teleportation {unknown}
 p - 2 scrolls of blinking {unknown}
 r - 2 scrolls of enchant weapon {unknown}
 t - 2 scrolls of poison {unknown}
 v - 2 scrolls of enchant armour {unknown}
 A - 3 scrolls of torment {unknown}
 C - a scroll of revelation {unknown}
 H - a scroll of brand weapon {unknown}
 I - a scroll of acquirement {unknown}
 K - a scroll of amnesia {unknown}
Potions
 d - a potion of magic
 f - 3 potions of ambrosia
 h - 2 potions of might
 l - a potion of enlightenment
 B - a potion of heal wounds {unknown}
 E - a potion of lignification {unknown}
Miscellaneous
 b - a phantom mirror (inert)


   Skills:
 + Level 6.0 Fighting
 - Level 4.6 Short Blades
 + Level 2.0 Armour
 - Level 3.2 Dodging
 - Level 3.9 Stealth
 - Level 10.0 Spellcasting
 + Level 7.8 Conjurations
 - Level 1.1 Summonings
 - Level 1.1 Translocations
 + Level 3.2 Air Magic
 + Level 5.3 Earth Magic
 - Level 2.9 Alchemy
 + Level 2.3 Evocations


You had 9 spell levels left.
You knew the following spells:

 Your Spells              Type           Power      Damage    Failure   Level
a - Magic Dart            Conj           100%       1d8       1%          1
b - Mephitic Cloud        Conj/Alch/Air  34%        N/A       1%          3
c - Blink                 Tloc           34%        N/A       4%          2
d - Cigotuvi's Dreadful   Necr/Alch/Air  42%        N/A       2%          2
e - Call Imp              Summ           34%        N/A       4%          2
f - Stone Arrow           Conj/Erth      86%        3d12      1%          3
g - Brom's Barrelling Bo  Conj/Erth      43%        2d6       2%          4
h - Passwall              Erth           37%        N/A       1%          3

Your spell library contained the following spells:

 Spells                   Type           Power      Damage    Failure   Level
 Sandblast                Erth           74%        2d16      1%          1
 Slow                     Hex            48%        N/A       4%          1


Dungeon Overview and Level Annotations

Branches:
Dungeon (8/15)             Temple (1/1) D:4
   Lair: D:8-11

Altars:
Ashenzari
Cheibriados
Dithmenos
Elyvilon
Fedhas
Gozag
Hepliaklqana
Kikubaaqudgha
Makhleb
Nemelex Xobeh
Okawaru
Qazlal
Ru
Trog
Uskayaw
Vehumet
Wu Jian
Yredelemnul
Zin

Shops:
D:4 *   D:8 ?

Annotations:
D:4 2 transporters, SlowGraham's ghost, amateur TrSu
D:8 Amaemon


Message History

Press: ? - help, Shift-Dir - straight line, f - killer bee
Aim: a killer bee (chance to affect: 86%)
The ball explodes into a vile cloud!
The stinking cloud engulfs the killer bee.
The stinking cloud engulfs the orange demon.
The orange demon is heavily wounded.
The stinking cloud engulfs Amaemon.
The stinking cloud engulfs you.
You are engulfed in noxious fumes.
You choke on the stench!
You are confused.
* * * LOW HITPOINT WARNING * * *
You feel extremely sick.
You hear a bellow!
The orange demon is no longer moving slowly.
The killer bee is engulfed in noxious fumes.
The killer bee appears confused.
The killer bee barely misses you.
The killer bee is engulfed in noxious fumes. x2
The killer bee appears confused.
The killer bee stings you.
* * * LOW HITPOINT WARNING * * *
You hear an angry hiss.
Unknown command.
Unknown command.
Unknown command.
You feel less confused.
* * * LOW HITPOINT WARNING * * *
You feel extremely sick.
The killer bee is engulfed in noxious fumes.
The killer bee stings Amaemon!
The killer bee is engulfed in noxious fumes.
The killer bee appears confused.
The killer bee is engulfed in noxious fumes.
The killer bee appears confused.
Unknown command.
Casting: Mephitic Cloud (safe; 1% risk of failure)
Confirm with . or Enter, or press ? or * to list all spells.
Aiming: Mephitic Cloud (safe; 1% risk of failure)
Press: ? - help, Shift-Dir - straight line, f - gnoll, p - killer bee
Aim: a gnoll, wielding a +0 halberd and wearing a +0 robe (lightly wounded, chance to affect: 91%)
The ball explodes into a vile cloud!
The stinking cloud engulfs the gnoll.
The gnoll is lightly wounded.
You die...

###..
#.###.........
...#..##.........
..............##.
...##.........# .
####......# ..
##......## ...
##...##...#.†..
#....##.§†)..†.
#....##@)g#
#..64zy†###
#..#.##.#
##)..#####
##..#....#
#..#........#
#..#>.z#.....
#..###.#.....
##..# .......


You could see Amaemon, an orange demon (curare, poisoned), a killer bee
(confused), a wight and a gnoll.

Vanquished Creatures
  Erica (D:8)
  Pikel (D:5)
  Prince Ribbit (D:5)
  Grinder (D:5)
  Eustachio (D:5)
  A steam dragon (D:6)
  2 water moccasins
  An orc warrior (D:7)
  3 ice beasts
  3 sky beasts
  2 black bears
  2 ogres
  2 centaurs (D:7)
  2 lemures (D:5)
  3 bullfrogs
  A kobold brigand (D:7)
  4 scorpions
  17 wights
  2 killer bees (D:8)
  4 howler monkeys
  4 jellies
  A bombardier beetle (D:6)
  A hound (D:5)
  2 orc priests
  A gnoll bouda (D:4)
  2 iguanas
  2 orc wizards
  5 gnolls
  6 adders
  A shadow imp (D:5)
  3 white imps
  2 ufetubi (D:6)
  4 ribbon worms
  5 dart slugs
  17 orcs
  11 ball pythons
  5 bats
  5 endoplasms
  3 giant cockroaches
  6 goblins
  5 hobgoblins
  8 jackals
  3 quokkas
  5 frilled lizards
  2 kobolds
  4 rats
167 creatures vanquished.

Vanquished Creatures (collateral kills)
  An ogre (D:5)
  2 killer bees (D:8)
  A gnoll bouda (D:8)
  A gnoll (D:4)
  An adder (D:4)
  3 orcs (D:7)
  6 boulders (D:7)
15 creatures vanquished.

Vanquished Creatures (others)
  4 boulders
4 creatures vanquished.

Grand Total: 186 creatures vanquished

Notes
Turn   | Place    | Note
-------+----------+-------------------------------------------
     0 | D:1      | hikkokomori the Deep Elf Hedge Wizard began the quest for
                  | the Orb.
     0 | D:1      | Reached XP level 1. HP: 10/10 MP: 7/7
   259 | D:1      | Reached XP level 2. HP: 16/16 MP: 7/9
   913 | D:1      | Reached XP level 3. HP: 20/20 MP: 8/11
   921 | D:1      | Reached skill level 1 in Fighting
  1374 | D:1      | Found a shadowy altar of Dithmenos.
  1386 | D:1      | Learned a level 3 spell: Mephitic Cloud
  1389 | D:1      | Learned a level 2 spell: Blink
  1392 | D:1      | Learned a level 2 spell: Cigotuvi's Dreadful Rot
  1616 | D:2      | Reached skill level 5 in Spellcasting
  2256 | D:3      | Reached XP level 4. HP: 25/25 MP: 10/13
  2362 | D:3      | Reached skill level 1 in Alchemy
  2465 | D:3      | Reached skill level 1 in Air Magic
  2829 | D:3      | Reached XP level 5. HP: 29/29 MP: 1/14
  2962 | D:3      | Identified the +3 pair of gloves of the Chupacabra {Str+4}
  3171 | D:3      | Found a broken altar of Ashenzari.
  3366 | D:4      | Found Ataugit's Gadget Gallery.
  3418 | D:4      | Learned a level 2 spell: Call Imp
  3708 | D:4      | Reached XP level 6. HP: 35/35 MP: 11/16
  3846 | D:4      | Identified the +1 halberd of Corpus Delicti {venom,
                  | *Corrode rElec rF+ Int+3}
  3911 | D:4      | Found a transporter.
  3917 | D:4      | Found a transporter.
  4101 | D:4      | Found a staircase to the Ecumenical Temple.
  4173 | D:4      | Reached skill level 6 in Spellcasting
  4554 | D:4      | Noticed SlowGraham's ghost (amateur TrSu)
  4609 | D:5      | Entered Level 5 of the Dungeon
  4626 | D:5      | Noticed Prince Ribbit
  4631 | D:5      | Noticed Grinder
  4698 | Temple   | Entered the Ecumenical Temple
  4810 | D:1      | You fall into a shaft and drop 1 floor!
  4908 | D:5      | Noticed an ice beast
  4913 | D:5      | Noticed Eustachio
  4969 | D:5      | Paralysed by Grinder for 3 turns
  4970 | D:5      | Reached XP level 7. HP: 40/40 MP: 18/18
  4996 | D:5      | Killed Prince Ribbit
  5125 | D:5      | Paralysed by Grinder for 2 turns
  5144 | D:5      | Killed Grinder
  5145 | D:5      | Reached skill level 7 in Spellcasting
  5298 | D:5      | Reached skill level 5 in Conjurations
  5298 | D:5      | Reached XP level 8. HP: 44/48 MP: 19/21
  5316 | D:5      | Killed Eustachio
  5357 | D:5      | Learned a level 3 spell: Stone Arrow
  5362 | D:5      | Learned a level 4 spell: Brom's Barrelling Boulder
  5535 | D:5      | Noticed Pikel
  5762 | D:5      | Reached skill level 8 in Spellcasting
  5762 | D:5      | Reached skill level 1 in Earth Magic
  5850 | D:5      | Reached skill level 1 in Short Blades
  5925 | D:5      | Killed Pikel
  5926 | D:5      | Reached XP level 9. HP: 52/52 MP: 17/23
  5933 | D:5      | Learned a level 3 spell: Passwall
  6278 | D:5      | Reached skill level 9 in Spellcasting
  6789 | D:6      | Reached skill level 5 in Fighting
  6924 | D:6      | Found a hazy altar of Hepliaklqana.
  8257 | D:7      | Reached skill level 10 in Spellcasting
  8371 | D:7      | Reached XP level 10. HP: 60/60 MP: 19/26
  8547 | D:7      | Reached skill level 1 in Evocations
  8845 | D:7      | Reached skill level 1 in Armour
  9035 | D:7      | Identified the +5 chain mail of the Moon {Str+5}
  9148 | D:7      | Found a white marble altar of Elyvilon.
  9148 | D:7      | Found an opulent altar of Gozag.
  9148 | D:7      | Found a radiant altar of Vehumet.
  9289 | D:7      | Found a glowing silver altar of Zin.
  9289 | D:7      | Found an ancient bone altar of Kikubaaqudgha.
  9297 | D:7      | Found an ornate altar of the Wu Jian Council.
  9302 | D:7      | Found a snail-covered altar of Cheibriados.
  9311 | D:7      | Found a shadowy altar of Dithmenos.
  9316 | D:7      | Found a bloodstained altar of Trog.
  9398 | D:7      | Became a worshipper of Vehumet
  9498 | D:8      | Found Qodeonata's Magic Scroll Shoppe.
  9574 | D:4      | Bought a phantom mirror for 480 gold pieces
  9721 | D:8      | Noticed Erica
  9735 | D:8      | Reached skill level 5 in Earth Magic
  9738 | D:8      | Killed Erica
  9781 | D:8      | Noticed Amaemon
  9789 | D:8      | Noticed an orange demon
  9800 | D:8      | Succumbed to orange demon's concentrated venom

Illustrated notes

Levels and vault maps discovered:
D:1:      dpeg_arrival_water_altar, layout_basic, hangedman_decor_growths,
          serial_bayou_lagoon_a, minmay_indecisive_spiral
D:2:      layout_loops_cross
D:3:      layout_basic, ashenzari_altar_1
D:4:      layout_basic, minmay_temple_entry_fiery,
          gammafunk_ghost_gnarly_gnolls, serial_park_tiny_1,
          nicolae_shop_gadgets
D:5:      layout_basic, uniq_prince_ribbit1, uniq_grinder, uniq_eustachio,
          uniq_pikel
D:6:      layout_basic, amcnicky_altar_gilded, grunt_ministairs_14,
          kennysheep_generic_room_10
D:7:      cheibrodos_helix_gallery, layout_loops_ring,
          nicolae_overflow_hallway_of_the_gods, gammafunk_temple_overflow_claw
D:8:      minmay_octagon_keep, layout_cave_pools,
          gammafunk_temple_overflow_wave, lair_entry_dummy, serial_shops,
          nicolae_square_shop, uniq_erica, uniq_amaemon
Temple:   nicolae_temple_colour_theory

Skill      XL: |  1  2  3  4  5  6  7  8  9 10 |
---------------+-------------------------------+-----
Stealth        | 3 |  3.9
Fighting       | 1 2 3 4 5 6 |  6.0
Conjurations   | 2 3 5 6 7 |  7.8
Spellcasting   | 5 6 7 8 10 | 10.0
Alchemy        | 1 2 |  2.9
Air Magic      | 1 2 3 |  3.2
Earth Magic    | 3 4 5 |  5.3
Short Blades   | 2 4 |  4.6
Evocations     | 2 |  2.3
Dodging        | 3 |  3.2
Armour         | 2 |  2.0
Summonings     | |  1.1
Translocations | |  1.1

Action                     |  1- 3 |  4- 6 |  7- 9 | 10-12 || total
---------------------------+-------+-------+-------+-------++-------
  Melee: Dagger            |    48 |    34 |    83 |    20 ||   185
         Punch             |       |     1 |     1 |       ||     2
   Cast: Magic Dart        |    75 |   112 |    37 |       ||   224
         Mephitic Cloud    |       |    10 |    21 |     7 ||    38
         Cigotuvi's Dreadf |       |     1 |     1 |       ||     2
         Call Imp          |       |     7 |    10 |     1 ||    18
         Blink             |       |     1 |     2 |       ||     3
         Brom's Barrelling |       |       |     9 |     3 ||    12
         Stone Arrow       |       |       |    73 |    28 ||   101
  Evoke: Wand              |       |       |       |     2 ||     2
         Phantom mirror    |       |       |       |     1 ||     1
    Use: Scroll            |       |       |     3 |     2 ||     5
         Potion            |       |       |     2 |     3 ||     5
   Stab: Sleeping          |     1 |       |       |       ||     1
         Confused          |       |     4 |     3 |     1 ||     8
         Distracted        |       |       |     1 |       ||     1
 Armour: Robe              |    33 |    13 |    59 |       ||   105
         Leather armour    |       |       |       |    25 ||    25
  Dodge: Dodged            |    36 |    17 |    46 |    27 ||   126
  Block: Buckler           |       |       |       |     4 ||     4
